[Event "*** Titled Tuesday Blitz"]
[Site "Chess.com"]
[Date "2019.06.04"]
[Round "1"]
[White "Oleg_Papayan"]
[Black "albano87"]
[Result "1/2-1/2"]
[WhiteElo "2548"]
[BlackElo "2170"]
[TimeControl "180+2"]
[EndTime "13:09:14 PDT"]
[Termination "Game drawn by repetition"]

1. e4 c5 2. Nf3 Nc6 3. d4 cxd4 4. Nxd4 Nf6 5. Nc3 d6 6. Be3 Ng4 7. Bc1 Qb6 8. Bb5 Bd7 9. Bxc6 bxc6 10. O-O g6 11. h3 Ne5 12. Kh1 Bg7 13. Nb3 Nc4 14. Qe2 Na5 15. Be3 Qc7 16. f4 O-O 17. f5 Rab8 18.
Bg5 Rfe8 19. f6 exf6 20. Bxf6 Be6 21. Bxg7 Kxg7 22. Qf2 Nc4 23. Rab1 Qe7 24. Nd4 Ne5 25.
Nf5+ Bxf5 26. exf5 Qg5 27. Ne4 Qxf5 28. Qxf5 gxf5 29. Nxd6 Re6 30. Nxf5+ Kg6 31. b3 Rd8 32. Ne3 Rd2 33. Rbd1 Red6 34. Kg1 c5 35. Rfe1 c4 36. Rxd2 Rxd2 37. Nf1 Rd5 38. Ne3 Rd2 39. bxc4 Rd4 40. c5 Nc4 41. Rd1 Re4 42. Nd5 Ne5 43. Ne7+ Kf6 44. Nd5+ Kg6 45. Ne7+ Kf6 46. Nd5+ Kg6 1/2-1/2

[Event "*** Titled Tuesday Blitz"]
[Site "Chess.com"]
[Date "2019.06.04"]
[Round "1"]
[White "SoltaniciR"]
[Black "dereito"]
[Result "1-0"]
[WhiteElo "2601"]
[BlackElo "2227"]
[TimeControl "180+2"]
[EndTime "13:09:21 PDT"]
[Termination "SoltaniciR won by checkmate"]

1. e4 d5 2. exd5 Qxd5 3. Nc3 Qd6 4. d4 Nf6 5. Nf3 g6 6. Nb5 Qb6 7. Na3 Be6 8. c3 Bg7 9. Nc4 Bxc4 10. Bxc4 O-O 11.
O-O Rd8 12. Qe2 e6 13. Bg5 Re8 14. Rfe1 c5 15. dxc5 Qxc5 16. Bh4 Nc6 17. Rad1 Qh5 18. h3 Rad8 19. Bb5 Rxd1 20. Rxd1 Nd5 21. Bg3 Rc8 22. a3 Nce7 23. Ne5 Qxe2 24. Bxe2 Nf5 25.
Bh2 Nb6 26. Bf3 Na4 27. Rd2 b6 28. Bb7 Rb8 29. Bc6 Nc5 30. Nd7 Rc8 31. Nxc5 Rxc6 32.
Rd8+ Bf8 33. Nd7 Kg7 34. Be5+ Kh6 35. Rxf8 Nd6 36. Bxd6 Rxd6 37. Rxf7 Rd1+ 38. Kh2 Rd2 39. f4 g5 40. fxg5+ Kxg5 41. Nf8 h5 42. Nxe6+ Kg6 43. Rxa7 Rxb2 44. Nd4 Kg5 45. Nf3+ Kf4 46. Rh7 Ke3 47. Rxh5 Rb3 48. Rh6 Kf2 49. h4 Kf1 50. h5 Rb2 51.
Rg6 Kf2 52. h6 Rb5 53. Rg5 Rb3 54. h7 Rxc3 55. h8=Q Rc2 56. Qd4+ Kf1 57. Qd1+ Kf2 58. Qe1# 1-0

[Event "*** Titled Tuesday Blitz"]
[Site "Chess.com"]
[Date "2019.06.04"]
[Round "1"]
[White "Siemba"]
[Black "Yurovskykh_Oleksandr"]
[Result "0-1"]
[WhiteElo "2099"]
[BlackElo "2532"]
[TimeControl "180+2"]
[EndTime "13:09:21 PDT"]
[Termination "Yurovskykh_Oleksandr won by resignation"]

1. e4 d5 2. exd5 Qxd5 3. Nc3 Qd8 4. Nf3 Nf6 5. d3 Bg4 6. h3 Bh5 7. g4 Bg6 8. Bg2 c6 9. O-O e6 10. Ne5 Nbd7 11. Nxg6 hxg6 12. Re1 Bd6 13. Ne4 Nxe4 14. dxe4 Qc7 15. Bg5 f6 16. Be3 Bh2+ 17. Kh1 Bf4 18.
Qd3 Bxe3 19. Rxe3 g5 20. Rd1 O-O-O 21. Qa3 Kb8 22. Red3 Ne5 23. Rxd8+ Rxd8 24. Rxd8+ Qxd8 25. Kh2 Nf7 26. Qb3 Qd6+ 27. Qg3 Kc7 28. Bf1 Nh8 29. Bc4 Qxg3+ 30. Kxg3 Kd6 31. f4 Ng6 32. f5 exf5 33. exf5 Ne7 34. Kf3 Ke5 35. Ke3 Nc8 36. Be6 Nd6 37. b3 b6 38. Bd7 c5 39.
a4 Ne4 40. Bc6 Nd6 41. Bg2 a6 42. Bc6 b5 43. Bd7 b4 44. Bc6 a5 45. Bf3 c4 46. Bc6 c3 47. Kd3 Kf4 48. Kd4 Nf7 49.
Kc5 Ne5 50. Bg2 Kg3 51. Bf1 Kf2 52. Ba6 Ke3 53. Kb6 Kd2 54. Bb7 Kxc2 55. Kxa5 Kxb3 56. Bd5+ Ka3 57. Be4 b3 58. Kb5 c2 59. a5 c1=Q 60. a6 Qc7 61. Bb7 Nd7 62. h4 Qb6+ 63. Kc4 gxh4 0-1

[Event "*** Titled Tuesday Blitz"]
[Site "Chess.com"]
[Date "2019.06.04"]
[Round "1"]
[White "TonRicher"]
[Black "Vuk2000"]
[Result "0-1"]
[WhiteElo "2361"]
[BlackElo "2706"]
[TimeControl "180+2"]
[EndTime "13:09:22 PDT"]
[Termination "Vuk2000 won by resignation"]

1. d4 Nf6 2. c4 e6 3. Nf3 b6 4.
g3 Ba6 5. Qa4 Bb7 6. Bg2 c5 7.
dxc5 Bxc5 8. O-O O-O 9. Bf4 Na6 10. Rd1 Be7 11. Nc3 Nc5 12. Qc2 Nfe4 13. Nxe4 Bxe4 14. Qd2 a5 15. Rac1 Qc8 16. Bd6 Bxd6 17. Qxd6 Qb7 18.
Ne1 Rfd8 19. b3 Rac8 20. f3 Bc6 21. Nd3 Nxd3 22. Rxd3 Qc7 23. Rcd1 Qxd6 24. Rxd6 Kf8 25. f4 Ke7 26. e4 b5 27. cxb5 Bxb5 28. R1d2 Rc1+ 29.
Kf2 Rdc8 30. a4 Bc6 31. e5 Rc7 32. Bxc6 R1xc6 33. Ke3 Rb7 34. R2d3 Rc2 35. h4 Rb2 36. h5 h6 37. g4 Rh2 38. Kf3 Ke8 39. Kg3 Rb2 40. Kh4 g6 41. hxg6 fxg6 42. f5 gxf5 43.
gxf5 exf5 44. Kh5 R2xb3 45. Rxd7 Rxd3 46. Rxb7 f4 47. Kg6 f3 48. Kf6 f2 49. Rb8+ Kd7 50.
e6+ Kc7 51. Rb1 Rf3+ 52. Kg6 f1=Q 0-1

[Event "*** Titled Tuesday Blitz"]
[Site "Chess.com"]
[Date "2019.06.04"]
[Round "1"]
[White "RaphCamora"]
[Black "GadimbayliA"]
[Result "1/2-1/2"]
[WhiteElo "2455"]
[BlackElo "2845"]
[TimeControl "180+2"]
[EndTime "13:09:31 PDT"]
[Termination "Game drawn by agreement"]

1. e4 e6 2. d4 d5 3. Nd2 Ne7 4.
Ngf3 Nbc6 5. e5 a6 6. c3 h6 7. Bd3 g6 8. h4 Bg7 9. Nf1 b6 10. Bf4 Bb7 11. Ne3 Qd7 12. Ng4 Nf5 13. Qd2 Na5 14.
Nf6+ Bxf6 15. exf6 Nc6 16. g4 Nd6 17. Bxh6 e5 18. Nxe5 Nxe5 19. dxe5 Nc4 20. Bxc4 dxc4 21. Rg1 Qxd2+ 22. Bxd2 Rxh4 23. Bg5 Rh3 24. O-O-O Rd8 25. Rxd8+ Kxd8 26. e6 Ke8 27. Re1 Rh1 28. Rxh1 Bxh1 29. e7 Bf3 30. Kd2 Bxg4 31. Ke3 Bf5 32. Kd4 Be6 33. Bf4 c6 34. Bc7 b5 35. Kc5 Kd7 36.
Kb6 Bf5 37. Kxa6 g5 38. Kb6 Be4 39. Be5 Bf3 40. Kc5 Be4 41. a4 bxa4 42. Kxc4 Ke8 43. Kb4 Bc2 44. Kc5 Be4 45. Kb4 Bc2 46. f3 Kd7 47.
Kc5 Bd1 48. Kb4 Ke8 49. Bd4 Kd7 50. Be3 Bb3 51. Bxg5 Bd1 52. Be3 Ke8 53. f4 Kd7 54. Bd4 Bc2 55. Be5 Bd1 56. Kc5 Bb3 57. Kd4 Ke8 58. Bd6 Kd7 59. Ba3 Bd1 60. Ke3 Bb3 61. Kf2 Ke8 62. Kg3 Kd7 63. Kg4 Ke8 64. Kg5 Kd7 65.
Kf5 Ke8 66. Ke5 Kd7 67. Kd4 1/2-1/2

[Event "*** Titled Tuesday Blitz"]
[Site "Chess.com"]
[Date "2019.06.04"]
[Round "1"]
[White "alturas_pacificas"]
[Black "Koksik_13"]
[Result "0-1"]
[WhiteElo "2276"]
[BlackElo "2627"]
[TimeControl "180+2"]
[EndTime "13:09:31 PDT"]
[Termination "Koksik_13 won by resignation"]

1. d4 e6 2. Bf4 Nf6 3. e3 d5 4. Nd2 Bd6 5. Bg3 O-O 6. Ngf3 Ne4 7. Nxe4 dxe4 8. Nd2 f5 9. Bxd6 cxd6 10. g3 d5 11. h4 Nc6 12. c4 Bd7 13. c5 Kh8 14. Nb3 a5 15. a3 e5 16. dxe5 Nxe5 17. Be2 Bc6 18. Nd4 Qf6 19. b4 axb4 20. axb4 Rfc8 21. O-O Be8 22. Qb3 Bf7 23. Rxa8 Rxa8 24. b5 g5 25. hxg5 Qxg5 26. c6 b6 27. Rc1 h5 28. Qc3 Qg7 29. c7 Rc8 30. Nc6 Rxc7 31. Rd1 Nxc6 32. Qxg7+ Kxg7 33. Rc1 Be8 34. bxc6 Rxc6 35. Rxc6 Bxc6 36.
Bxh5 b5 37. Kf1 b4 38. Ke1 Kf6 39. Kd2 Ba4 40. Be2 Ke5 41. Ba6 d4 42. exd4+ Kxd4 43. Bc8 Ke5 44. Ba6 Bc6 45. Bc8 Bd5 46. Ba6 Be6 47.
Bf1 Kd4 48. Ba6 b3 49. Bb5 Bc4 50. Bd7 Bd3 51. f3 b2 52. fxe4 b1=Q 0-1

[Event "*** Titled Tuesday Blitz"]
[Site "Chess.com"]
[Date "2019.06.04"]
[Round "1"]
[White "Vusatiuk_Vladimir"]
[Black "LazovT"]
[Result "0-1"]
[WhiteElo "2210"]
[BlackElo "2580"]
[TimeControl "180+2"]
[EndTime "13:09:31 PDT"]
[Termination "LazovT won by resignation"]

1. e4 c5 2. Nf3 Nc6 3. Bb5 g6 4. Bxc6 bxc6 5. c3 Bg7 6. d4 cxd4 7. cxd4 d6 8. Nc3 Bg4 9. Be3 Qb6 10. Qd2 Rb8 11.
Rb1 Qa6 12. h3 Bxf3 13. gxf3 Nf6 14. Bh6 O-O 15. Bxg7 Kxg7 16. h4 Nh5 17. Rg1 h6 18. f4 f5 19. e5 Kh7 20. Qe2 Qxe2+ 21.
Nxe2 c5 22. dxc5 dxc5 23. Kd2 Rb4 24. Ke3 Rfb8 25. Rgc1 Re4+ 26. Kf3 c4 27. b3 cxb3 28. Rxb3 Rxb3+ 29. axb3 g5 30. hxg5 hxg5 31. fxg5 Rxe5 32. Rc7 a5 33. Nf4 Ng7 34. g6+ Kh6 35. Rc1 Kg5 36. Rg1+ Kf6 37. Rb1 Rb5 38. Ke2 e5 39. Nd3 Kxg6 40.
b4 Kf6 41. Rb2 e4 42. Nf4 Kg5 43. Nh3+ Kg4 44. Ng1 Ne6 45. f3+ Kf4 46. fxe4 fxe4 47. Ke1 axb4 48. Ne2+ Ke5 49. Rb3 Nd4 50. Nxd4 Kxd4 51.
Ke2 Kc4 52. Rb1 b3 53. Ke3 b2 54. Kxe4 Kc3 0-1

[Event "*** Titled Tuesday Blitz"]
[Site "Chess.com"]
[Date "2019.06.04"]
[Round "1"]
[White "gena217"]
[Black "Slovak_fighter2000"]
[Result "1-0"]
[WhiteElo "2908"]
[BlackElo "2483"]
[TimeControl "180+2"]
[EndTime "13:09:37 PDT"]
[Termination "gena217 won on time"]

1. e4 e6 2. d4 d5 3. Nd2 c5 4.
exd5 exd5 5. Ngf3 Nf6 6. Bb5+ Bd7 7. Bxd7+ Nbxd7 8. O-O Be7 9. Re1 O-O 10. Nf1 Re8 11.
Ne3 Nf8 12. Nf5 Ne6 13. Ng5 Bf8 14. h3 h6 15. Nxe6 Rxe6 16. Be3 c4 17. Qf3 Ne4 18.
Bf4 Kh7 19. Be5 f6 20. Bf4 Qd7 21. Re2 Rae8 22. Rae1 g6 23. Ne3 f5 24. c3 Bg7 25.
Bh2 b5 26. h4 h5 27. a3 R6e7 28. Bf4 a6 29. g3 Re6 30. Ng2 R6e7 31. Bc1 Re6 32.
Nf4 R6e7 33. Kg2 Qc6 34. Nh3 Bf6 35. Qf4 Kg8 36. Qh6 Bg7 37. Qf4 Bf6 38. Kf1 Qd7 39.
Qh6 Kf7 40. Kg2 Rh8 41. Qf4 Rhe8 42. Ng1 Nd6 43. Be3 Re4 44. Qf3 Qe7 45. Bf4 Rxe2 46. Rxe2 Ne4 47. Bc1 Qd7 48. Qf4 Nd6 49. Qh6 Rxe2 50. Nxe2 Bg7 51. Qh7 Ne8 52. Nf4 Qd6 53.
Nh3 Nf6 54. Ng5+ Kf8 55. Qxg6 Qe7 56. Qxf5 Kg8 57. Bf4 Qe2 58. Be5 1-0

[Event "*** Titled Tuesday Blitz"]
[Site "Chess.com"]
[Date "2019.06.04"]
[Round "1"]
[White "51616516516"]
[Black "PaulfromSPb"]
[Result "0-1"]
[WhiteElo "2321"]
[BlackElo "2658"]
[TimeControl "180+2"]
[EndTime "13:09:47 PDT"]
[Termination "PaulfromSPb won by resignation"]

1. c4 e5 2. g3 f5 3. d4 exd4 4. Nf3 Nc6 5. Nxd4 Bb4+ 6. Bd2 Bc5 7. Bc3 Nxd4 8. Bxd4 Qe7 9. Bg2 Nf6 10. Nc3 Bxd4 11.
Qxd4 d6 12. O-O O-O 13. Rac1 Kh8 14. Rfe1 a6 15. b3 Rb8 16. Nd5 Qf7 17. e3 Be6 18.
Red1 Ne4 19. Rc2 Rbe8 20. Nc3 Nxc3 21. Qxc3 b6 22. Rcd2 a5 23. Bd5 Re7 24. Bxe6 Qxe6 25. Qd4 h6 26. Qd5 Qf6 27. Qf3 Kh7 28. Rd4 Re5 29.
h4 Rg8 30. Rf4 Qe6 31. Kg2 Re8 32. h5 Qd7 33. Rd5 Rxd5 34. Qxd5 Re5 35. Qf3 Kg8 36.
a3 Qe6 37. b4 axb4 38. axb4 Kh7 39. Rd4 g6 40. hxg6+ Kxg6 41. Rh4 Kg7 42. Qh5 Re4 43. Rxe4 Qxe4+ 44. Qf3 c5 45. Qxe4 fxe4 46. b5 d5 47.
cxd5 c4 48. Kf1 Kf6 49. Ke2 Ke5 50.
f3 exf3+ 51. Kxf3 Kxd5 52. e4+ Kd4 53. Kf4 c3 54. e5 c2 0-1

[Event "*** Titled Tuesday Blitz"]
[Site "Chess.com"]
[Date "2019.06.04"]
[Round "1"]
[White "albi1999"]
[Black "VerdeNotte"]
[Result "1/2-1/2"]
[WhiteElo "2445"]
[BlackElo "2810"]
[TimeControl "180+2"]
[EndTime "13:09:50 PDT"]
[Termination "Game drawn by agreement"]

1. d4 Nf6 2. c4 c5 3. d5 b5 4. cxb5 a6 5. bxa6 g6 6. Nc3 Bxa6 7. e4 Bxf1 8. Kxf1 d6 9. Nf3 Bg7 10. g3 O-O 11. Kg2 Nbd7 12. a4 Ra6 13. Re1 Qa8 14. Ra3 Rb8 15. Nb5 Rb7 16. Qc2 Ne8 17. Bg5 Ne5 18.
Nd2 Nc7 19. Nxc7 Rxc7 20. b3 Rb6 21. a5 Ra6 22. Rea1 Rca7 23. Bf4 Nd7 24. R1a2 Rxa5 25. Rxa5 Rxa5 26. Rxa5 Qxa5 27. Nc4 Qa1 28. Bg5 Kf8 29.
Bd2 h6 30. b4 cxb4 31. Bxb4 Kg8 32. Na5 Bf6 33. Nc6 Qa6 34. Bd2 Kg7 35. Be3 Ne5 36. Bd4 Qc4 37. Qxc4 Nxc4 38. f3 Bxd4 39. Nxd4 Kf6 40.
Kf2 e6 41. dxe6 fxe6 42. Ke2 Ke5 43. Nc6+ Kf6 44. Kd3 Ne5+ 45. Nxe5 Kxe5 46. f4+ Kf6 47. Kd4 g5 48. h3 gxf4 49. gxf4 Kg6 50. Ke3 Kf7 51.
Kf3 Kf6 52. h4 h5 53. Ke3 d5 54. Kd4 Kg6 55. Ke5 dxe4 56. Kxe4 Kf6 57. Ke3 e5 58.
Ke4 exf4 59. Kxf4 Kg6 60. Ke5 1/2-1/2

[Event "*** Titled Tuesday Blitz"]
[Site "Chess.com"]
[Date "2019.06.04"]
[Round "1"]
[White "awesomevishesh"]
[Black "Msb2"]
[Result "1/2-1/2"]
[WhiteElo "2437"]
[BlackElo "2800"]
[TimeControl "180+2"]
[EndTime "13:09:50 PDT"]
[Termination "Game drawn by repetition"]

1. d4 Nf6 2. c4 e6 3. g3 d5 4. Bg2 Bb4+ 5. Nd2 Bd6 6. Ngf3 O-O 7. O-O b6 8. b3 Bb7 9. Bb2 Nbd7 10. Ne5 Rc8 11. cxd5 exd5 12. Rc1 Re8 13. Nc6 Bxc6 14. Rxc6 Qe7 15. e3 Nb8 16. Rc1 Ba3 17. Qc2 Bxb2 18. Qxb2 c5 19. Nf3 Nbd7 20. Rfd1 Rc7 21. dxc5 bxc5 22. Nh4 Nb6 23. a4 Qe5 24. Qxe5 Rxe5 25. Nf3 Re8 26. Nd4 a6 27. Rc2 Rec8 28. Rdc1 c4 29.
bxc4 Rxc4 30. Rxc4 Rxc4 31. Rb1 Nbd7 32. a5 Rc5 33. Ra1 g6 34. Bf1 Nb8 35. Rb1 Nfd7 36. Nb3 Rc3 37. Nd4 Ra3 38. Nb3 Kg7 39. Bg2 Nc6 40.
Bxd5 Nxa5 41. Nxa5 Rxa5 42. e4 Rb5 43. Rc1 Nf6 44.
Rc6 Nxd5 45. exd5 a5 46. d6 Kf6 47. Ra6 Ke6 48. Ra7 Kxd6 49. Rxf7 Kc5 50. Rxh7 a4 51. Ra7 Kb4 52. Kg2 a3 53. f4 Ra5 54. Rb7+ Rb5 55.
Ra7 Ra5 56. Rb7+ Kc3 57. Rc7+ Kd2 58. Rd7+ Ke3 59. Re7+ Kd3 60. Rd7+ Kc3 61. Rc7+ Kb4 62. Rb7+ 1/2-1/2

[Event "*** Titled Tuesday Blitz"]
[Site "Chess.com"]
[Date "2019.06.04"]
[Round "1"]
[White "IMRosen"]
[Black "NM2019"]
[Result "1-0"]
[WhiteElo "2532"]
[BlackElo "2101"]
[TimeControl "180+2"]
[EndTime "13:09:50 PDT"]
[Termination "IMRosen won by checkmate"]

1. e4 c5 2. Nc3 d6 3. f4 Nf6 4. Nf3 Nc6 5. Bc4 Bg4 6. O-O e6 7. h3 Bxf3 8. Qxf3 Be7 9. d3 O-O 10. Kh1 a6 11. a4 Rb8 12. g4 b5 13. Ba2 Nd4 14. Qg2 b4 15. Nd1 b3 16. cxb3 Nxb3 17.
Bxb3 Rxb3 18. Nc3 d5 19. e5 Nd7 20. a5 Kh8 21. Re1 d4 22. Ne4 Rxd3 23. Kh2 f5 24.
exf6 Nxf6 25. Qc2 Rf3 26. Ng5 d3 27. Qg2 Nxg4+ 28. hxg4 Bxg5 29. Qxf3 d2 30. Bxd2 Qxd2+ 31. Re2 Bxf4+ 32. Kg2 Qd6 33. Rh1 e5 34. Qe4 g6 35.
Rc2 Qd4 36. Re1 Kg7 37. Rce2 Qxe4+ 38. Rxe4 Rb8 39. R1e2 Rb5 40. Ra4 Kf6 41. Kf3 Kg5 42. Ke4 Kxg4 43. Rg2+ Kh5 44. Ra3 g5 45. Kf5 Kh6 46. Kf6 g4 47. Rxg4 Kh5 48. Rg7 Kh4 49. Rxh7+ Kg4 50. Rg7+ Kh4 51. Ra1 Rxb2 52. Rag1 Rf2 53.
Ke6 Rh2 54. Rh7+ Bh6 55. Rxh6# 1-0

[Event "*** Titled Tuesday Blitz"]
[Site "Chess.com"]
[Date "2019.06.04"]
[Round "1"]
[White "Spring199"]
[Black "Lagmantr"]
[Result "1-0"]
[WhiteElo "2221"]
[BlackElo "2561"]
[TimeControl "180+2"]
[EndTime "13:09:59 PDT"]
[Termination "Spring199 won by resignation"]

1. d4 d5 2. c4 e6 3. Nc3 c6 4.
Nf3 dxc4 5. g3 b5 6. Bg2 Bb7 7.
O-O Nf6 8. e4 b4 9. e5 bxc3 10.
exf6 gxf6 11. bxc3 Nd7 12. Rb1 Rb8 13. Bf4 Nb6 14.
Bxb8 Qxb8 15. a4 Qc7 16. a5 Nd5 17. Qc2 Ba6 18. Nd2 Bh6 19. Ne4 O-O 20. Nc5 Bb5 21.
Bxd5 exd5 22. Qf5 Bg7 23. Nd7 Re8 24. Nxf6+ Bxf6 25. Qxf6 Qe7 26. Qxe7 Rxe7 27. Rfe1 Kf8 28. Rxe7 Kxe7 29. Re1+ Kd6 30. Re8 c5 31. Rd8+ Bd7 32.
dxc5+ Kc7 33. Rf8 d4 34. Rxf7 dxc3 35. Rf3 c2 36. Rc3 Ba4 37. Rxc4 Kc6 38. Rc3 Kb5 39. c6 Kb4 40. c7 Kxc3 41. c8=Q+ Kb2 42. Qb8+ Bb3 43.
Qe5+ Kb1 44. Qe4 Kb2 45. Qd4+ Ka2 46. Qc3 Ba4 47. Kg2 Bb3 48. f4 Bd5+ 49. Kf2 Kb1 50. Qb4+ Ka1 51. Qd4+ Kb1 52. Qxd5 c1=Q 53. f5 Qb2+ 54. Kf3 Qxh2 55. Qd1+ Kb2 56. Qe2+ 1-0

[Event "*** Titled Tuesday Blitz"]
[Site "Chess.com"]
[Date "2019.06.04"]
[Round "1"]
[White "DavidStevanic"]
[Black "riconaipe"]
[Result "0-1"]
[WhiteElo "2202"]
[BlackElo "2579"]
[TimeControl "180+2"]
[EndTime "13:10:00 PDT"]
[Termination "riconaipe won on time"]

1. e4 c6 2. d4 d5 3. f3 e6 4. Nc3 Bb4 5. Qd3 Nf6 6. Bg5 h6 7. Bh4 Bxc3+ 8. bxc3 Qa5 9. Ne2 b6 10. e5 Nfd7 11. f4 Ba6 12. Qg3 Rg8 13. Qh3 c5 14. Kf2 Nc6 15. f5 exf5 16. Qxf5 g5 17. e6 fxe6 18. Qxe6+ Ne7 19. Bg3 Rf8+ 20. Kg1 Bxe2 21.
Bd6 Rf7 22. Bxe2 Qxc3 23. Rd1 Nf8 24. Qe5 Ng6 25. Qe6 Rd8 26. Bxe7 Nf4 27. Qe5 Rxe7 28. Bh5+ Kd7 29. Bg4+ Ke8 30. Qh8+ Kf7 31. Qh7+ Kf6 32. Qxh6+ Kf7 33. Qh7+ Kf8 34. Qh8+ Kf7 35. Qh7+ Kf6 36. Qf5+ Kg7 37. Qxg5+ Ng6 38. Qd2 Qxd2 39. Rxd2 Re1+ 40.
Kf2 Rxh1 41. h3 c4 42. Kg3 Re1 43. Rf2 Re4 44. h4 Rxd4 45. Bf5 Nxh4 46. Bg4 Ng6 47. Bf5 Rf8 48. c3 Rd1 49. Bxg6 Rxf2 50. Kxf2 Kxg6 51.
Ke2 Ra1 52. Ke3 Rxa2 53. Kd4 Rxg2 54. Kxd5 b5 55. Kc5 a6 56. Kb4 Kf6 57. Ka5 Ke6 58. Kxa6 b4 59. cxb4 c3 60. b5 c2 61. b6 c1=Q 62.
b7 Rb2 63. Ka7 Qc7 0-1

[Event "*** Titled Tuesday Blitz"]
[Site "Chess.com"]
[Date "2019.06.04"]
[Round "1"]
[White "LastHeroJr"]
[Black "gemarin"]
[Result "0-1"]
[WhiteElo "2500"]
[BlackElo "2050"]
[TimeControl "180+2"]
[EndTime "13:10:02 PDT"]
[Termination "gemarin won by resignation"]

1. e4 c5 2. Nf3 Nc6 3. d4 cxd4 4.
Nxd4 Nf6 5. Nc3 d6 6. Bg5 e6 7. Qd2 a6 8. O-O-O h6 9. Be3 Be7 10.
f4 Qc7 11. Kb1 b5 12. Nxc6 Qxc6 13. e5 dxe5 14. fxe5 Nd7 15. Bd4 b4 16. Ne2 Bb7 17. Ng3 Bg5 18. Qf2 O-O 19. h4 Be7 20. Be2 Rac8 21.
Bf3 Qc7 22. Bxb7 Qxb7 23. Nh5 Qe4 24. g4 Bc5 25. Rhe1 Qxg4 26. Nf6+ Nxf6 27. Bxc5 Nd5 28. Bxf8 Kxf8 29. Rg1 Qh5 30. Qg3 g6 31. Rdf1 Kg8 32. Qf2 Rc7 33. Qd4 Qe2 34. Rf2 Qc4 35. Qd2 Qxh4 36. Rh2 Qf4 37. Qe2 Kg7 38. Rf1 Qe3 39.
Qg2 Qxe5 40. Qh3 h5 41. Rhf2 Ne3 42. Re1 f5 43. Qxe3 Qxe3 44. Rxe3 Kf6 45. a3 e5 46. axb4 e4 47. b3 Ke5 48. c4 f4 49. Re1 e3 50.
Rg2 Kf5 51. Kc2 g5 52. Rh1 h4 53. Rhg1 Rg7 54. b5 f3 55. Rh2 g4 56. Rxh4 f2 57.
Rf1 g3 58. Kd3 g2 59. Rhh1 gxh1=Q 60. Rxh1 Rg1 0-1

[Event "*** Titled Tuesday Blitz"]
[Site "Chess.com"]
[Date "2019.06.04"]
[Round "1"]
[White "Witik"]
[Black "Joseph_Truelson"]
[Result "1/2-1/2"]
[WhiteElo "2598"]
[BlackElo "2255"]
[TimeControl "180+2"]
[EndTime "13:10:04 PDT"]
[Termination "Game drawn by repetition"]

1. d4 d6 2. e4 Nf6 3. Nc3 e5 4. Nge2 Be7 5. h3 O-O 6. g4 exd4 7. Nxd4 Nc6 8. Bg2 Re8 9. O-O Nxd4 10. Qxd4 c6 11. Bf4 Qb6 12. Qxb6 axb6 13. Rad1 Rd8 14. a4 Be6 15. b3 Rd7 16. Rd3 d5 17. exd5 Nxd5 18. Nxd5 cxd5 19. Rfd1 Rad8 20. Be5 f6 21. Bd4 Bc5 22. c3 Kf7 23. f4 f5 24. g5 g6 25. Kf2 Kg8 26. h4 Kf7 27. Bf3 Rc8 28.
Bxc5 Rxc5 29. c4 Ke7 30. cxd5 Bf7 31. d6+ Kd8 32. Ke3 Rc2 33. R1d2 Rc1 34. Rd1 Rc2 35. Rh1 Rb2 36. h5 Rxb3 37. hxg6 Rxd3+ 38. Kxd3 Rxd6+ 39. Kc3 Bxg6 40. Bxb7 Kc7 41. Ba6 Re6 42. Bd3 Re3 43. Kd4 Rf3 44. Rh4 Kd6 45. Bc4 Ra3 46. Bb5 Ra1 47. Kc4 Rc1+ 48. Kd4 Rd1+ 49. Kc3 Kc5 50.
Rh2 Rd4 51. Rf2 Re4 52. Kb3 Re3+ 53. Kb2 Bf7 54. Rd2 Re4 55. Rd7 Bg6 56. Rc7+ Kb4 57. Rc6 Ka5 58. Rc7 Rxf4 59. Kc3 Rf3+ 60. Kc4 Rf4+ 61.
Kc3 Rf3+ 62. Kc4 Rf4+ 63. Kc3 1/2-1/2

[Event "*** Titled Tuesday Blitz"]
[Site "Chess.com"]
[Date "2019.06.04"]
[Round "1"]
[White "Aragon"]
[Black "chessdude"]
[Result "1-0"]
[WhiteElo "2073"]
[BlackElo "2496"]
[TimeControl "180+2"]
[EndTime "13:10:06 PDT"]
[Termination "Aragon won by resignation"]

1. e4 c6 2. Nc3 d5 3. exd5 cxd5 4. d4 Nf6 5. Bf4 a6 6. Nf3 Bg4 7. Be2 e6 8. Ne5 Bxe2 9. Qxe2 Be7 10. O-O O-O 11.
h3 Nc6 12. Nxc6 bxc6 13. Na4 Nd7 14. b3 Qa5 15. Bd2 Qb5 16. Qg4 Kh8 17. Rfe1 Bf6 18.
c3 Rfc8 19. Bg5 Bxg5 20. Qxg5 Re8 21. Qf4 Kg8 22. Re3 c5 23. dxc5 Nxc5 24. Nxc5 Qxc5 25. Rae1 Rac8 26. Rg3 Qe7 27. Qd2 Qf6 28. Qd3 a5 29.
Ree3 Rc7 30. Ref3 Qe7 31. Qd4 g6 32. h4 Qc5 33. Qf6 Qe7 34. Qd4 Rd8 35. Re3 Qc5 36. Qe5 Qd6 37. Qg5 Qe7 38. Qh6 Qf8 39. Qf4 Qd6 40. Qh6 Qf8 41. Qf4 Rdc8 42. h5 Qg7 43. h6 Qh8 44. Rgf3 Rd7 45. Qa4 Ra7 46.
Qf4 Rd7 47. Kh2 d4 48. cxd4 Qxd4 49. Re4 Qd6 50. Re5 Qe7 51. Qe4 Rcd8 52. Rxa5 Rd4 53.
Qe5 Qh4+ 54. Rh3 Qf4+ 55. Qxf4 Rxf4 56. f3 Rfd4 57. Kg3 Rd2 58. Rh4 e5 59. Re4 R2d5 60.
Rxd5 Rxd5 61. a4 Kf8 62. b4 Ke7 63. b5 Kd7 64. Rc4 Rd1 65. b6 Ra1 66. Rc7+ Kd6 67.
Rxf7 Rxa4 68. b7 Rb4 69. Rxh7 Ke6 70. Rc7 Kd6 71. Rg7 1-0

[Event "*** Titled Tuesday Blitz"]
[Site "Chess.com"]
[Date "2019.06.04"]
[Round "1"]
[White "Aknok"]
[Black "josmito10"]
[Result "0-1"]
[WhiteElo "2403"]
[BlackElo "2764"]
[TimeControl "180+2"]
[EndTime "13:10:08 PDT"]
[Termination "josmito10 won by resignation"]

1. d4 Nf6 2. c4 e6 3. Nf3 d5 4.
Nc3 dxc4 5. e4 Bb4 6. Bg5 c5 7.
Bxc4 cxd4 8. Nxd4 Bxc3+ 9. bxc3 Qa5 10. Bd2 Nxe4 11. Qg4 Nxd2 12. Qxg7 Rf8 13. Kxd2 Bd7 14. Rhe1 Nc6 15. Nxc6 bxc6 16. Re5 Qb6 17. Rae1 Qxf2+ 18. Kd1 Rb8 19. Bb3 Rb5 20. R5e2 Qf4 21. Rd2 Qg5 22.
Qd4 Rb7 23. Qd6 Qe7 24. Qf4 Rg8 25. Rde2 Qg5 26. Qe4 Qh5 27. Kc1 Qxh2 28. Rd2 Qh6 29. Qd4 Qg5 30. Rd1 Qe7 31. Qa4 Kf8 32. Qa6 Bc8 33. Qxc6 Kg7 34. Rd4 Kh8 35. Rd6 Rc7 36. Qf3 Qg5+ 37. Kb2 Qxg2+ 38. Qxg2 Rxg2+ 39. Ka3 Kg7 40. Rd8 Bb7 41. c4 Bf3 42. R1d3 Bh5 43. Kb4 Bg6 44.
Rc3 h5 45. c5 h4 46. c6 Rg3 47. Rd7 Rxc3 48. Rxc7 Rc1 49. Bc4 h3 50. Rxa7 h2 51. c7 h1=Q 52. c8=Q Rb1+ 53. Ka5 Qe1+ 54.
Ka6 Qb4 55. Qc6 Qa3+ 0-1

[Event "*** Titled Tuesday Blitz"]
[Site "Chess.com"]
[Date "2019.06.04"]
[Round "1"]
[White "PawnEatingZombie"]
[Black "Astaneh"]
[Result "0-1"]
[WhiteElo "2159"]
[BlackElo "2562"]
[TimeControl "180+2"]
[EndTime "13:10:08 PDT"]
[Termination "Astaneh won on time"]

1. d4 Nf6 2. c4 e6 3. Nc3 Bb4 4. Qc2 O-O 5. e4 d5 6. e5 Ne4 7. Bd3 c5 8. Nf3 cxd4 9. Nxd4 f6 10. Bxe4 dxe4 11. Qxe4 Qa5 12. O-O Qxe5 13. Qxe5 fxe5 14. Ndb5 Nc6 15. a3 Bc5 16. Be3 Nd4 17. Ne4 Bb6 18. c5 Nxb5 19. cxb6 axb6 20. Bxb6 Bd7 21. Rfd1 Bc6 22.
f3 h6 23. a4 Na7 24. Bc7 Bxe4 25. fxe4 Nc6 26. Bd6 Rf4 27. b4 Rxe4 28. b5 Nd4 29.
Re1 Ne2+ 30. Kf2 Nc3 31. Bxe5 Rf8+ 32. Kg1 Ne2+ 33. Rxe2 Rxe2 34. Bg3 Ra8 35. a5 Rb2 36. a6 Rxb5 37. a7 b6 38. Bb8 Ra5 39. Rb1 b5 40. Kf2 Kf7 41. Ke3 Ke7 42. h4 Kd7 43. g3 Kc6 44.
Kf4 Kb6 45. Ke5 R8xa7 46. Bxa7+ Rxa7 47. Kxe6 Ra3 48. g4 Rg3 49. Kf5 Kc5 50. g5 hxg5 51.
hxg5 Ra3 52. Re1 Ra7 53. Re8 b4 54. Rb8 Kc4 55. g6 b3 56. Ke4 Re7+ 57. Kf5 Kc3 58. Rf8 Rb7 59. Rf7 Rb5+ 60. Ke4 b2 0-1

[Event "*** Titled Tuesday Blitz"]
[Site "Chess.com"]
[Date "2019.06.04"]
[Round "1"]
[White "ozates"]
[Black "MarianPetrov"]
[Result "0-1"]
[WhiteElo "2234"]
[BlackElo "2602"]
[TimeControl "180+2"]
[EndTime "13:10:16 PDT"]
[Termination "MarianPetrov won by resignation"]

1. e4 c5 2. Nf3 Nc6 3. Bb5 g6 4. Bxc6 dxc6 5. O-O Bg7 6. Re1 Nf6 7. Nc3 Nd7 8. d3 e5 9. Be3 Qe7 10. Qd2 h6 11. a3 b6 12. b4 cxb4 13. axb4 Qxb4 14. Reb1 Qd6 15. Bxb6 Nxb6 16. Rxb6 axb6 17. Rxa8 O-O 18.
h3 Be6 19. Rxf8+ Kxf8 20. Na4 b5 21. Nc3 Qb4 22. Ne2 Qxd2 23. Nxd2 f5 24. Kf1 Kf7 25. Ke1 Bf8 26. Kd1 Bc5 27. f3 f4 28. c3 Be3 29. Nf1 Bb6 30. Kc2 g5 31. Nd2 c5 32.
c4 b4 33. Kb3 h5 34. Nf1 g4 35.
hxg4 hxg4 36. Nh2 gxf3 37. Nxf3 Kf6 38. Neg1 Bg4 39. Nh3 Bxf3 40. gxf3 Kg6 41. Nf2 Kh5 42. Ng4 Bc7 43. Nf6+ Kh4 44. Nd5 Bd8 45. d4 cxd4 46.
Nxb4 Kg3 47. Nd3 Bc7 48. c5 Kxf3 49. Kc4 Kxe4 50. Nf2+ Kf3 51. Nd3 Ke2 52. c6 f3 53.
Nc5 f2 54. Ne6 0-1